 Seeded DCSS version 0.26.1-16-g4e020e15dc (webtiles) character file.

Game seed: 20230309 (custom seed)

14 69420guy the Cudgeller (level 2, -1/17 HPs)
             Began as a Gargoyle Gladiator on Mar 9, 2023.
             Slain by a leopard gecko (3 damage)
             ... on level 2 of the Dungeon.
             The game lasted 00:04:52 (527 turns).

69420guy the Cudgeller (Gargoyle Gladiator)          Turns: 527, Time: 00:04:53

Health: -1/17      AC:  6    Str: 17    XL:     2   Next: 45%
Magic:  2/2        EV: 12    Int:  8    God:
Gold:   79         SH:  0    Dex: 11    Spells: 1/1 levels left

rFire    . . .     SeeInvis .   a - +0 flail
rCold    . . .     Faith    .   (no shield)
rNeg     + . .     Spirit   .   b - +0 leather armour
rPois    ∞         Reflect  .   c - +0 helmet
rElec    +         Harm     .   (no cloak)
rCorr    .         Rampage  .   (no gloves)
Will     .....                  (no boots)
Stlth    +.........             (no amulet)
HPRegen  0.05/turn              (no ring)
MPRegen  0.08/turn              (no ring)

@: no status effects
A: negative energy resistance 1, electricity resistance, unbreathing,
petrification resistance, miasma immunity, AC +2
a: no special abilities


You were on level 2 of the Dungeon.
You visited 1 branch of the dungeon, and saw 2 of its levels.

You collected 79 gold pieces.

Inventory:

Hand Weapons
 a - a +0 flail (weapon)
 g - a +1 vampiric dagger
 k - a +0 club
 l - a +0 short sword
 n - a cursed +0 club
 o - a +0 dagger
 p - a +0 club
 r - a +0 whip
 s - a +0 hunting sling
 t - a +0 club
 u - a +0 club
Missiles
 d - 3 throwing nets (quivered)
 j - 8 stones
 m - 25 arrows
Armour
 b - a +0 leather armour (worn)
 c - a +0 helmet (worn)
 q - a +0 ring mail
Jewellery
 i - an uncursed ring of magical power {unknown}
Scrolls
 e - a scroll of fog {unknown}
 f - a scroll of identify {unknown}
Potions
 h - a potion of cancellation {unknown}


   Skills:
 + Level 2.3 Fighting
 + Level 3.6 Maces & Flails
 + Level 1.7 Throwing
 + Level 2.5 Dodging


You had one spell level left.
You didn't know any spells.
Your spell library was empty.

Dungeon Overview and Level Annotations

Branches:
Dungeon (2/15)

Altars:


Innate Abilities, Weirdness & Mutations

You are resistant to torment.
Your stone body is resilient. (AC +2)
You are immune to poison.
You resist negative energy. (rN+)
You are resistant to electric shocks. (rElec)
You can survive without breathing.
You are immune to petrification.
You are immune to miasma.


Message History

The leopard gecko bites you but does no damage. x2
The leopard gecko completely misses you.
The leopard gecko bites you but does no damage.
The leopard gecko bites you but does no damage. x2
The leopard gecko bites you.
* * * LOW HITPOINT WARNING * * *
The leopard gecko closely misses you. The leopard gecko bites you.
* * * LOW HITPOINT WARNING * * *
The leopard gecko closely misses you. The leopard gecko barely misses you.
The leopard gecko misses you. The leopard gecko misses you.
The leopard gecko closely misses you. The leopard gecko bites you.
* * * LOW HITPOINT WARNING * * *
The leopard gecko misses you.
You closely miss the leopard gecko.
The leopard gecko bites you but does no damage.
The leopard gecko closely misses you. The leopard gecko barely misses you.
You completely miss the leopard gecko. The leopard gecko bites you.
You die...

###.##### #.#
####.##
#.....##
####......# ##
.......).## .
#........##.#
#.#####...#$##
# ##..8....##
#@l.......#
#.l...8$..#
#..>......#
#.....8..##
#..)....##
##..8..##
##......
#.#####. ... #


You could see 2 leopard geckos.

Vanquished Creatures
  An ooze (D:1)
  3 hobgoblins
  2 frilled lizards
  A goblin (D:2)
  3 kobolds (D:1)
  2 rats
12 creatures vanquished.

Notes
Turn   | Place    | Note
-------+----------+-------------------------------------------
     0 | D:1      | 69420guy the Gargoyle Gladiator began the quest for the
                  | Orb.
     0 | D:1      | Reached XP level 1. HP: 12/12 MP: 1/1
   154 | D:1      | Reached XP level 2. HP: 13/17 MP: 2/2
   527 | D:2      | Slain by a leopard gecko

Illustrated notes

Levels and vault maps discovered:
D:1:      scummos_arrival_simple_fountains, layout_rooms
D:2:      layout_loops_corners, grunt_temple_overflow_open, grunt_ministairs_9

Action                   || total
-------------------------++-------
Melee: Flail             ||    31
Armor: Leather armour    ||    26
Dodge: Dodged            ||    41
